[ AOE2 MATCH · #508370864 ]
UnrankedChinese vs Spanish
Player's team · WIN
Rival team · LOSS
[ REPLAY ANALYSIS · EXTRACTED FROM THE RECORDED GAME ]
Feudal
8:55
Castle
—
Imperial
—
| APM avg | 75.0 |
| APM peak | 126 |
| eAPM avg | 43.5 |
| Villagers / military | 39 / 9 |
Focus
⚔️ 57.2% · 🌾 42.8%
Militia ×5 · Archer ×4
Feudal
14:31
Castle
—
Imperial
—
| APM avg | 41.8 |
| APM peak | 69 |
| eAPM avg | 21.4 |
| Villagers / military | 28 / 5 |
Focus
⚔️ 40.8% · 🌾 59.2%
Militia ×5
Match map
Initial resources + every placement click. Lines = walls · curves = elevation contours. ◆ gold · ⬟ stone · ● berries · ✦ relic · ◌ wall gap
Your base· Open — unwalled flank
DYN_BenderGC's base· Open — unwalled flank
Smoothed initial terrain · ◌ = detected wall gap · hover for details
Inputs per minute
— Kalpit00 - - DYN_BenderGC
Build order — Kalpit00
89 actions detected in the replay
| 0:00 | Research | Loom |
| 0:00 | Research | Loom |
| 0:42 | Queue | Villager (Male) |
| 1:10 | Queue | Villager (Male) |
| 1:10 | Queue | Villager (Male) |
| 1:38 | Queue | Villager (Male) |
| 2:04 | Queue | Villager (Male) |
| 2:04 | Queue | Villager (Male) |
| 2:18 | Build | Lumber Camp |
| 2:25 | Queue | Villager (Male) |
| 2:47 | Queue | Villager (Male) |
| 2:47 | Queue | Villager (Male) |
| 3:00 | Queue | Villager (Male) |
| 3:01 | Queue | Villager (Male) |
| 3:22 | Build | House |
| 3:33 | Queue | Villager (Male) |
| 3:33 | Queue | Villager (Male) |
| 4:29 | Queue | Villager (Male) |
| 4:50 | Queue | Villager (Male) |
| 5:04 | Build | Barracks |
| 5:19 | Queue | Villager (Male) |
| 5:25 | Build | House |
| 5:42 | Queue | Villager (Male) |
| 6:20 | Queue | Villager (Male) |
| 6:43 | Research | Feudal Age |
| 6:53 | Queue | Militia |
| 7:10 | Build | Mining Camp |
| 7:12 | Queue | Militia |
| 7:38 | Queue | Militia |
| 7:42 | Build | House |
| 8:02 | Build | Palisade Wall |
| 8:03 | Build | Palisade Wall |
| 8:10 | Queue | Villager (Male) |
| 8:15 | Build | Mill |
| 8:26 | Build | Palisade Wall |
| 8:27 | Build | Palisade Wall |
| 8:28 | Build | Palisade Wall |
| 8:29 | Build | Palisade Wall |
| 8:31 | Queue | Villager (Male) |
| 8:38 | Build | Palisade Wall |
| 8:39 | Build | Palisade Wall |
| 8:40 | Build | Palisade Wall |
| 8:51 | Queue | Villager (Male) |
| 8:53 | Build | House |
| 8:55 | Age | Feudal Age |
| 9:02 | Research | Man-at-Arms (upgrade) |
| 9:09 | Build | Farm |
| 9:15 | Queue | Villager (Male) |
| 9:27 | Build | Farm |
| 9:34 | Build | Farm |
| 9:57 | Queue | Villager (Male) |
| 9:57 | Queue | Villager (Male) |
| 10:10 | Build | Archery Range |
| 10:27 | Queue | Villager (Male) |
| 10:30 | Build | House |
| 10:58 | Queue | Villager (Male) |
| 11:04 | Queue | Archer |
| 11:04 | Queue | Archer |
| 11:08 | Build | House |
| 11:13 | Queue | Villager (Male) |
| 11:31 | Build | Farm |
| 11:39 | Queue | Villager (Male) |
| 11:52 | Build | Farm |
| 11:53 | Build | Farm |
| 12:06 | Queue | Villager (Male) |
| 12:20 | Queue | Villager (Male) |
| 12:26 | Build | Farm |
| 12:27 | Build | Farm |
| 12:28 | Build | Farm |
| 12:29 | Build | Farm |
| 12:35 | Queue | Villager (Male) |
| 12:54 | Queue | Villager (Male) |
| 13:07 | Queue | Villager (Male) |
| 13:11 | Build | Farm |
| 13:12 | Build | Farm |
| 13:21 | Queue | Archer |
| 13:26 | Queue | Villager (Male) |
| 13:43 | Build | Farm |
| 13:49 | Research | Double-Bit Axe |
| 13:50 | Queue | Villager (Male) |
| 13:57 | Queue | Militia |
| 13:57 | Queue | Militia |
| 14:17 | Queue | Villager (Male) |
| 14:19 | Queue | Villager (Male) |
| 14:34 | Queue | Archer |
| 14:47 | Build | House |
| 14:57 | Build | Blacksmith |
| 15:00 | Queue | Villager (Male) |
| 15:28 | Queue | Villager (Male) |
Build order — DYN_BenderGC
53 actions detected in the replay
| 0:00 | Queue | Villager (Male) |
| 0:02 | Build | House |
| 0:03 | Build | House |
| 0:13 | Queue | Villager (Male) |
| 0:22 | Queue | Villager (Male) |
| 0:25 | Queue | Villager (Male) |
| 1:23 | Queue | Villager (Male) |
| 2:01 | Queue | Villager (Male) |
| 2:33 | Queue | Villager (Male) |
| 2:34 | Queue | Villager (Male) |
| 3:03 | Queue | Villager (Male) |
| 3:16 | Queue | Villager (Male) |
| 3:41 | Queue | Villager (Male) |
| 4:04 | Build | House |
| 4:06 | Queue | Villager (Male) |
| 4:56 | Build | Barracks |
| 5:00 | Queue | Villager (Male) |
| 5:14 | Queue | Villager (Male) |
| 5:30 | Queue | Villager (Male) |
| 5:39 | Queue | Militia |
| 5:43 | Queue | Militia |
| 5:59 | Build | Lumber Camp |
| 5:59 | Queue | Villager (Male) |
| 6:04 | Build | House |
| 6:06 | Build | House |
| 6:27 | Queue | Militia |
| 6:34 | Queue | Villager (Male) |
| 6:52 | Queue | Militia |
| 7:14 | Build | Mill |
| 7:22 | Queue | Villager (Male) |
| 7:26 | Build | House |
| 7:45 | Queue | Militia |
| 8:18 | Queue | Villager (Male) |
| 8:29 | Queue | Villager (Male) |
| 8:37 | Build | Farm |
| 8:45 | Queue | Villager (Male) |
| 9:00 | Queue | Villager (Male) |
| 9:38 | Queue | Villager (Male) |
| 9:42 | Build | House |
| 10:02 | Build | House |
| 10:23 | Queue | Villager (Male) |
| 10:31 | Queue | Villager (Male) |
| 11:11 | Queue | Villager (Male) |
| 11:36 | Build | Mining Camp |
| 11:56 | Queue | Villager (Male) |
| 12:00 | Research | Feudal Age |
| 12:00 | Research | Feudal Age |
| 13:10 | Queue | Villager (Male) |
| 13:20 | Research | Loom |
| 14:31 | Age | Feudal Age |
| 14:59 | Build | Market |
| 15:15 | Build | Blacksmith |
| 15:18 | Build | Palisade Wall |
Match timeline
| 4:56 | DYN_BenderGC · first_building Barracks |
| 5:04 | Kalpit00 · first_building Barracks |
| 8:02 | Kalpit00 · wall_segment Palisade Wall x1 |
| 8:03 | Kalpit00 · wall_segment Palisade Wall x1 |
| 8:26 | Kalpit00 · wall_segment Palisade Wall x1 |
| 8:27 | Kalpit00 · wall_segment Palisade Wall x1 |
| 8:28 | Kalpit00 · wall_segment Palisade Wall x1 |
| 8:29 | Kalpit00 · wall_segment Palisade Wall x1 |
| 8:38 | Kalpit00 · wall_segment Palisade Wall x1 |
| 8:39 | Kalpit00 · wall_segment Palisade Wall x1 |
| 8:40 | Kalpit00 · wall_segment Palisade Wall x1 |
| 8:55 | Kalpit00 · age_up feudal |
| 10:10 | Kalpit00 · first_building Archery Range |
| 14:31 | DYN_BenderGC · age_up feudal |
| 15:18 | DYN_BenderGC · wall_segment Palisade Wall x1 |
| 15:32 | DYN_BenderGC · resign |
[ AI ANALYSIS · 1 CREDIT ]
What really happened in this match?
Wolo.gg analyzes every decision: build order, eco, micro, common mistakes by bracket. Personalized analysis on WhatsApp or Discord in 30 seconds.
Civ guide
Chinese
Perfil
Jugador #727835